[Event "Team 45 45 League T35"]
[Site "Internet Chess Club"]
[Date "2007.11.17"]
[Round "5"]
[White "GadsHill"]
[Black "joshua9"]
[Result "1/2-1/2"]
[WhiteElo "1540"]
[BlackElo "1709"]
[Opening "QGD Slav: 4.e3"]
[ECO "D11"]
[Time "10:02:49"]
[TimeControl "2700+45"]

1. d4 d5 2. c4 c6 3. Nf3 Nf6 4. e3 Bg4 5. Qb3 Qc7 6. Ne5 Be6 7. Nc3 g6 8. cxd5
Nxd5 9. Bc4 Bg7 10. Nd3 O-O 11. Nxd5 Bxd5 12. Bxd5 cxd5 13. Qxd5 Rd8 14. Qb3 Nd7
15. O-O b6 16. Bd2 Rdc8 17. Rac1 Qd8 18. Bc3 Rc7 19. Rc2 Rac8 20. Rfc1 Nf6 21.
Be1 Ne4 22. f3 Nd6 23. Bg3 Rxc2 24. Rxc2 Rxc2 25. Qxc2 Nf5 26. Bf2 Bh6 27. Qe2
Bg7 28. g4 Nd6 29. b3 Qd7 30. Qc2 h5 31. h3 hxg4 32. hxg4 f5 33. Ne5 Qe6 34.
gxf5 Nxf5 35. Qc4 Qxc4 36. Nxc4 Kf7 37. Kf1 Ke6 38. Ke2 Kd7 39. d5 e6 40. dxe6+
Kxe6 41. Kd3 Ne7 42. e4 Nc6 43. Be1 b5 44. Ne3 Ne5+ 45. Ke2 Nc6 46. Kd3 Ne5+ 47.
Ke2 Nc6 48. Kd3 a5 49. Bc3 Bh6 50. Nd5 b4 51. Bd4 Ne5+ 52. Bxe5 Kxe5 53. f4+
Bxf4 54. Nxf4 Kxf4 55. Kd4 g5 56. e5 g4 57. e6 g3 58. e7 g2 59. e8=Q g1=Q+ 60.
Kd5 Qg5+ 61. Kc4 Qf6 62. Qb8+ Ke4 63. Qe8+ Kf4 64. Qb8+ Ke3 65. Qa7+ Kd2 66.
Qxa5 Qf4+ 67. Kb5 Kc3 68. Ka4 Qd6 69. Qb5 Qe7 70. Qa5 Qd7+ 71. Qb5 Qa7+ 72. Qa5
Qd4 73. Qb5 {Game drawn by mutual agreement} 1/2-1/2

[Event "Team 45 45 League T35"]
[Site "Internet Chess Club"]
[Date "2007.11.15"]
[Round "5"]
[White "Platitude"]
[Black "arriero55"]
[Result "1-0"]
[WhiteElo "1570"]
[BlackElo "1521"]
[Opening "Sicilian: Najdorf, 7...Be7"]
[ECO "B98"]
[Time "13:04:07"]
[TimeControl "2700+45"]

1. e4 c5 2. Nf3 d6 3. d4 cxd4 4. Nxd4 Nf6 5. Nc3 a6 6. Bg5 e6 7. f4 Be7 8. Qf3
h6 9. Bh4 Ra7 10. O-O-O Nc6 11. Nxc6 bxc6 12. e5 Nd7 13. Bxe7 Qxe7 14. Rxd6 O-O
15. Qxc6 Rd8 16. Ne4 Bb7 17. Qc7 Kf8 18. Nc5 Nxc5 19. Rxd8+ Qxd8 20. Qxd8#
{Black checkmated} 1-0

[Event "Team 45 45 League T35"]
[Site "Internet Chess Club"]
[Date "2007.11.17"]
[Round "5"]
[White "jjmolina"]
[Black "ticopatzer"]
[Result "1-0"]
[WhiteElo "1565"]
[BlackElo "1495"]
[Opening "Robatsch (modern) defense"]
[ECO "B06"]
[Time "15:57:01"]
[TimeControl "2700+45"]

1. e4 g6 2. h4 Bg7 3. h5 e5 4. hxg6 hxg6 5. Rxh8 Bxh8 6. Nc3 Qh4 7. Nf3 Qh1 8.
Nd5 Kd8 9. Qe2 c6 10. Nc3 Ne7 11. Ng5 f5 12. Nf7+ Ke8 13. Nxh8 Qxh8 14. d3 b6
15. Bg5 Na6 16. Qf3 d6 17. Bxe7 Kxe7 18. exf5 gxf5 19. Qxc6 Bd7 20. Nd5+ Ke6 21.
Qc4 Qc8 22. Nf4+ Kf6 23. Nd5+ Ke6 24. Nxb6+ Qxc4 25. Nxc4 Nb4 26. Kd2 Rc8 27. c3
Nd5 28. Re1 Nf4 29. g3 d5 30. Nxe5 {Black resigns} 1-0

[Event "Team 45 45 League T35"]
[Site "Internet Chess Club"]
[Date "2007.11.18"]
[Round "5"]
[White "bmw2002"]
[Black "Archdruid"]
[Result "1-0"]
[WhiteElo "1756"]
[BlackElo "1780"]
[Opening "English: symmetrical variation"]
[ECO "A30"]
[Time "11:05:04"]
[TimeControl "2700+45"]

1. c4 c5 2. g3 Nc6 3. Bg2 g6 4. Nf3 d6 5. Nc3 Be6 6. d3 Bg7 7. O-O Qc8 8. Bf4
Bh3 9. Rc1 Bxg2 10. Kxg2 Nf6 11. Re1 O-O 12. e4 Nd7 13. Qd2 Re8 14. Bh6 Bh8 15.
Ng5 Nde5 16. h3 Nd4 17. f4 Nef3 18. Nxf3 Nxf3 19. Kxf3 Qxh3 20. Rh1 Qd7 21. Qh2
e6 22. g4 f6 23. Rcg1 Qe7 24. f5 exf5 25. gxf5 g5 26. Nd5 Qf7 27. Qxd6 b6 28.
Ke2 Rad8 29. Qh2 Rxd5 30. cxd5 Qxd5 31. Bxg5 Qxf5 32. Bxf6+ Kf7 33. Bxh8 {Black
resigns} 1-0

[Event "Team 45 45 League T35"]
[Site "Internet Chess Club"]
[Date "2007.11.16"]
[Round "5"]
[White "OOB1"]
[Black "BrerRabbit"]
[Result "1-0"]
[WhiteElo "1583"]
[BlackElo "1583"]
[Opening "Sicilian: Taimanov variation"]
[ECO "B45"]
[Time "20:04:02"]
[TimeControl "2700+45"]

1. e4 c5 2. Nf3 e6 3. Nc3 Nc6 4. d4 cxd4 5. Nxd4 d6 6. Bb5 Bd7 7. Nf3 a6 8. Bd3
Nf6 9. O-O Be7 10. Re1 O-O 11. e5 dxe5 12. Nxe5 Nxe5 13. Rxe5 Bc6 14. Re2 Qc7
15. g3 Bf3 16. Bf4 Bd6 17. Bxd6 Bxe2 18. Bxc7 Bxd1 19. Rxd1 Rac8 20. Be5 Nd7 21.
Bd6 Rfd8 22. Be4 Nc5 23. Bxc5 Rxc5 24. Rxd8# {Black checkmated} 1-0

[Event "Team 45 45 League T35"]
[Site "Internet Chess Club"]
[Date "2007.11.18"]
[Round "5"]
[White "allanchs"]
[Black "keisher415"]
[Result "0-1"]
[WhiteElo "1545"]
[BlackElo "1746"]
[Opening "Robatsch (modern) defense"]
[ECO "B06"]
[Time "09:58:57"]
[TimeControl "2700+45"]

1. e4 g6 2. Nf3 Bg7 3. Bc4 d6 4. O-O Nf6 5. d3 O-O 6. Nc3 c6 7. h3 Qc7 8. Be3 a5
9. a4 Na6 10. Qd2 Nb4 11. Bb3 Rd8 12. Rad1 Bd7 13. Bh6 e6 14. Rfe1 e5 15. Bxg7
Kxg7 16. Ng5 Rf8 17. f4 Nh5 18. fxe5 dxe5 19. Qf2 h6 20. Nf3 Nf4 21. Qc5 f6 22.
Rf1 Be6 23. Qe3 Bxb3 24. cxb3 c5 25. Nb5 Qe7 26. d4 cxd4 27. Nfxd4 Nbd3 28. Ne2
Qc5 29. Qxc5 Nxe2+ 30. Kh2 Nxc5 31. Rf2 Nf4 32. Rfd2 Nxe4 33. Rd7+ Rf7 34. Rxf7+
Kxf7 35. Rd7+ Ke6 36. Rxb7 Rd8 37. Rb6+ Kf5 38. Nc3 Nxc3 39. bxc3 Rd2 40. Rb5
Rxg2+ 41. Kh1 Ke4 42. Rxa5 Kf3 43. Ra6 f5 44. Rd6 e4 45. a5 Ne2 46. a6 Ng3#
{White checkmated} 0-1

[Event "Team 45 45 League T35"]
[Site "Internet Chess Club"]
[Date "2007.11.17"]
[Round "5"]
[White "stpatzer"]
[Black "fredd"]
[Result "1-0"]
[WhiteElo "1412"]
[BlackElo "1526"]
[Opening "Queen's pawn game"]
[ECO "D02"]
[Time "10:08:38"]
[TimeControl "2700+45"]

1. d4 d5 2. Nf3 Bg4 3. e3 Nf6 4. Bd3 Ne4 5. Nbd2 Nxd2 6. Bxd2 Nd7 7. O-O e6 8.
c4 c6 9. Re1 Bd6 10. cxd5 exd5 11. e4 O-O 12. e5 Be7 13. h3 Bh5 14. Bf5 Re8 15.
Rc1 Bg6 16. Bxg6 hxg6 17. e6 Nf8 18. exf7+ Kxf7 19. Ne5+ Kg8 20. Qg4 Qc8 21. Qf3
Qf5 22. Qg3 Rac8 23. Rc3 Bd6 24. Rf3 Qc2 25. Bf4 Qxb2 26. Rf1 Qxd4 27. Nxg6 Nxg6
28. Bxd6 Re6 29. Re3 Nf4 30. Bxf4 Rf6 31. Be5 Qb2 {Black resigns} 1-0

[Event "Team 45 45 League T35"]
[Site "Internet Chess Club"]
[Date "2007.11.18"]
[Round "5"]
[White "Avedldesierto"]
[Black "Fegary"]
[Result "0-1"]
[WhiteElo "1783"]
[BlackElo "1929"]
[Opening "Pirc: Austrian attack"]
[ECO "B09"]
[Time "12:06:27"]
[TimeControl "2700+45"]

1. e4 d6 2. d4 Nf6 3. Nc3 g6 4. f4 Bg7 5. Nf3 c6 6. Bd3 e5 7. dxe5 dxe5 8. fxe5
Ng4 9. Bf4 Nd7 10. Bc4 Qb6 11. e6 Qf2# {White checkmated} 0-1

[Event "Team 45 45 League T35"]
[Site "Internet Chess Club"]
[Date "2007.11.17"]
[Round "5"]
[White "C-Jones"]
[Black "HKNIGHT"]
[Result "0-1"]
[WhiteElo "1591"]
[BlackElo "1759"]
[Opening "Sicilian defense"]
[ECO "B32"]
[Time "19:59:29"]
[TimeControl "2700+45"]

1. e4 c5 2. Nf3 Nc6 3. d4 cxd4 4. Nxd4 a6 5. Nc3 Nf6 6. Bf4 d6 7. Bg5 e5 8. Nf3
Be7 9. Be2 O-O 10. O-O Be6 11. a3 Rc8 12. Qd3 Rc7 13. Rad1 Rd7 14. Qd2 b5 15.
Nd5 Bxd5 16. Bxf6 Bxe4 17. Bxe7 Qxe7 18. Ng5 Bg6 19. Bg4 Rdd8 20. Rfe1 d5 21.
Qc3 Qxg5 22. Qxc6 Qxg4 23. Qxa6 Be4 24. f3 Bxf3 25. Rd2 Qg5 26. Rf2 Be4 27. Qxb5
Rb8 28. Qd7 Rxb2 29. Ref1 Rxc2 {White resigns} 0-1

[Event "Team 45 45 League T35"]
[Site "Internet Chess Club"]
[Date "2007.11.19"]
[Round "5"]
[White "scottrugby"]
[Black "natethegreat"]
[Result "1-0"]
[WhiteElo "1499"]
[BlackElo "1530"]
[Opening "QP counter-gambit (elephant gambit)"]
[ECO "C40"]
[Time "19:04:53"]
[TimeControl "2700+45"]

1. e4 e5 2. Nf3 d5 3. d4 dxe4 4. Nxe5 Bd6 5. Bc4 Bxe5 6. Qh5 Qe7 7. Qxe5 Qxe5 8.
dxe5 Nc6 9. Bf4 Nge7 10. Nc3 Ng6 11. Nb5 Nxf4 12. Nxc7+ Kd8 13. Nxa8 Nxg2+ 14.
Kf1 Nxe5 15. Rd1+ Ke7 16. b3 Nf4 17. Nc7 Nf3 18. Nd5+ Nxd5 19. Bxd5 Bg4 20. Ra1
Rd8 21. c4 b5 22. Kg2 Rd6 23. Bxe4 Ng5 24. Rhe1 Kf8 25. cxb5 Rf6 26. Bc6 g6 27.
Re5 Bh3+ 28. Kg3 h6 29. Rxg5 hxg5 30. Kxh3 Rxf2 31. Kg3 Rc2 32. a4 Rc3+ 33. Kg4
{Black resigns} 1-0

[Event "Team 45 45 League T35"]
[Site "Internet Chess Club"]
[Date "2007.11.15"]
[Round "5"]
[White "curtintime"]
[Black "Just-Jim"]
[Result "1/2-1/2"]
[WhiteElo "1448"]
[BlackElo "1357"]
[Opening "King's knight opening"]
[ECO "C40"]
[Time "18:57:41"]
[TimeControl "2700+45"]

1. e4 e5 2. Nf3 Bc5 3. Nc3 d6 4. Bc4 Bg4 5. h3 Bh5 6. d3 h6 7. Na4 Nd7 8. Nxc5
Nxc5 9. O-O Nf6 10. Qe2 c6 11. Qe3 O-O 12. Bd2 Na4 13. Rab1 Bxf3 14. Qxf3 Nc5
15. Qg3 Nh5 16. Qg4 Nf6 17. Qf5 b5 18. Bb3 Nh7 19. f4 Nxb3 20. axb3 g6 21. Qg4
exf4 22. Bxf4 h5 23. Qg3 g5 24. h4 Kh8 25. hxg5 Rg8 26. Qh4 Nxg5 27. Qxh5+ Nh7
28. e5 Rg6 29. exd6 Kg8 30. Rf3 Nf6 31. Qf5 Qf8 32. Rg3 Nd5 33. Rxg6+ fxg6 34.
Qxg6+ Qg7 35. Qxg7+ Kxg7 36. Be5+ Kg6 37. c4 Nb4 38. Rd1 Kf5 39. Kf2 Kxe5 40. g4
Kxd6 41. g5 Ke5 42. cxb5 cxb5 43. d4+ Kf5 44. Rg1 Nd5 45. Kf3 Nf4 46. Rg4 Ne6
47. g6 Ng5+ 48. Ke3 Re8+ 49. Kd3 Kxg6 50. d5 Kf6 51. Kd4 Kf5 52. Rg1 Rd8 53. Ra1
Rd7 54. Ra5 Ne6+ 55. Kc3 Rxd5 56. Rxa7 Rc5+ 57. Kb4 Re5 58. Ra5 Nc7 59. Ra7 Ne6
60. Rb7 Nd4 61. Kc3 Ke4 62. Rd7 Rc5+ 63. Kb4 Rc2 64. Ka3 Rh2 65. Rc7 Rh3 66. Rc3
Rh6 67. Kb4 Ra6 68. Rh3 Rf6 69. Rh4+ Kd3 70. Rh3+ Ke4 71. Rh4+ Ke3 72. Rh3+ Kf2
73. Kc5 Rf3 74. Rxf3+ Nxf3 75. Kxb5 Ke3 76. Ka4 Kd3 77. b4 Nd4 78. b5 Kc4 79.
b3+ Nxb3 80. b6 Nc5+ 81. Ka5 Kd5 82. Kb5 Kd6 {Game drawn by mutual agreement}
1/2-1/2

[Event "Team 45 45 League T35"]
[Site "Internet Chess Club"]
[Date "2007.11.18"]
[Round "5"]
[White "OnFire"]
[Black "GolfSuper"]
[Result "1-0"]
[WhiteElo "1712"]
[BlackElo "1633"]
[Opening "Sicilian: Najdorf, Opocensky variation"]
[ECO "B92"]
[Time "20:26:56"]
[TimeControl "2700+45"]

1. e4 c5 2. Nf3 d6 3. d4 cxd4 4. Nxd4 Nf6 5. Nc3 a6 6. Be2 e5 7. Nf3 Be6 8. Bg5
Be7 9. Qd3 Nbd7 10. h3 O-O 11. O-O h6 12. Bh4 Rc8 13. Rad1 Nc5 14. Qe3 Qc7 15.
Bxf6 Bxf6 16. Nd5 Bxd5 17. Rxd5 Ne6 18. Rd2 Nd4 19. c3 Nxf3+ 20. Qxf3 Rfd8 21.
Rfd1 Qe7 22. Rd5 Rc5 23. Kf1 Qc7 24. Qd3 Rxd5 25. Qxd5 Qc5 26. Qxb7 a5 27. Rd5
Qc8 28. Qxc8 Rxc8 29. Rxd6 Rc5 30. Rd5 Rxd5 31. exd5 Kf8 32. c4 Be7 33. Ke1 Ke8
34. Kd2 Kd7 35. a3 Bc5 36. f3 f6 37. Kc3 Kc7 38. b4 axb4+ 39. axb4 Bd4+ 40. Kb3
Kd6 41. Bd3 g5 42. Be4 h5 43. c5+ Bxc5 44. bxc5+ Kxc5 45. Kc3 h4 46. Kd3 Kd6 47.
Kc4 Ke7 48. Kc5 Kd7 49. d6 Ke6 50. Kc6 f5 51. Bxf5+ Kxf5 52. d7 e4 53. fxe4+
Kxe4 54. d8=Q Kf4 55. Qd4+ Kf5 56. Qg4+ Kf6 57. Kd5 Kg6 58. Ke5 Kh6 59. Kf6 Kh7
60. Qxg5 Kh8 61. Qg7# {Black checkmated} 1-0

[Event "Team 45 45 League T35"]
[Site "Internet Chess Club"]
[Date "2007.11.18"]
[Round "5"]
[White "twinders"]
[Black "twintower"]
[Result "1-0"]
[WhiteElo "1657"]
[BlackElo "1596"]
[Opening "QGD: classical variation (5.Bf4)"]
[ECO "D37"]
[Time "07:05:44"]
[TimeControl "2700+45"]

1. d4 e6 2. c4 d5 3. Nc3 Nf6 4. Nf3 Be7 5. Bf4 a6 6. e3 Nbd7 7. Bd3 O-O 8. O-O
c5 9. cxd5 Nxd5 10. Nxd5 exd5 11. dxc5 Nxc5 12. Bc2 Bf6 13. Nd4 Re8 14. Rc1 Ne4
15. Bb3 Be6 16. Bc2 Bxd4 17. Qxd4 Nf6 18. Bg5 h6 19. Bxf6 Qxf6 20. Qxf6 gxf6 21.
a3 Rac8 22. Rfd1 Red8 23. h3 Rc7 24. Bh7+ {Black resigns} 1-0

[Event "Team 45 45 League T35"]
[Site "Internet Chess Club"]
[Date "2007.11.18"]
[Round "5"]
[White "Lyko"]
[Black "strudel"]
[Result "1-0"]
[WhiteElo "1419"]
[BlackElo "1417"]
[Opening "QGD semi-Slav: Stoltz variation"]
[ECO "D10"]
[Time "09:59:33"]
[TimeControl "2700+45"]

1. d4 d5 2. c4 c6 3. e3 Nf6 4. Nc3 e6 5. Qc2 Nbd7 6. Nf3 a6 7. Bd2 Be7 8. Rc1
O-O 9. Be2 dxc4 10. Bxc4 Nb6 11. Bb3 Nbd5 12. Nxd5 cxd5 13. a3 b5 14. Ba2 Ne4
15. Bb1 g6 16. O-O Bd6 17. Ne5 Bxe5 18. dxe5 Nxd2 19. Qxd2 Bb7 20. Qd4 Qg5 21.
h4 Qe7 22. Bd3 Rac8 23. Be2 Rxc1 24. Rxc1 Rc8 25. Rxc8+ Bxc8 26. b4 Qc7 27. Qc5
Qxc5 28. bxc5 Bb7 29. f4 f6 30. g4 fxe5 31. fxe5 Kf8 32. g5 Bc6 33. h5 gxh5 34.
Bxh5 Be8 35. Bg4 Ke7 36. Kf2 Bd7 37. Ke2 Kf7 38. Bh5+ Ke7 39. Kd3 Kd8 40. Kc3
Kc7 41. Bf7 Kd8 42. Bg8 Ke7 43. Bxh7 a5 44. Bd3 Be8 45. e4 Bc6 46. exd5 exd5 47.
Bf5 Kf8 48. e6 Kg7 49. Kd4 Kf8 50. Ke5 b4 51. axb4 a4 52. Bb1 Kg7 53. Kd6 Bb5
54. Kxd5 a3 55. Ba2 Kf8 56. c6 Bxc6+ 57. Kxc6 Ke7 58. Kc7 {Black resigns} 1-0

[Event "Team 45 45 League T35"]
[Site "Internet Chess Club"]
[Date "2007.11.17"]
[Round "5"]
[White "PawnSensei"]
[Black "Mitch99"]
[Result "0-1"]
[WhiteElo "1363"]
[BlackElo "1453"]
[Opening "French: Winawer, advance variation"]
[ECO "C18"]
[Time "12:35:51"]
[TimeControl "2700+45"]

1. e4 e6 2. d4 d5 3. Nc3 Bb4 4. e5 c5 5. a3 Bxc3+ 6. bxc3 c4 7. Qg4 g6 8. a4 Qa5
9. Qf3 b5 10. Bd2 bxa4 11. Bc1 Nc6 12. Ne2 Nge7 13. Qf6 Rg8 14. Qf4 Nf5 15. Qd2
Rb8 16. Ba3 Ba6 17. g3 Bc8 18. Bg2 Kd7 19. O-O h5 20. Bd6 Nxd6 21. exd6 Kxd6 22.
Qf4+ Ke7 23. Qg5+ Ke8 24. Qf6 Rb2 25. Rfc1 Ba6 26. Bh3 Nd8 27. Rab1 a3 28. Ra1
a2 29. Kg2 Bb5 30. f4 Ba4 31. f5 gxf5 32. Bxf5 exf5 33. Qe5+ Ne6 34. Qxf5 Qc7
35. Qxd5 Bc6 {White resigns} 0-1

[Event "Team 45 45 League T35"]
[Site "Internet Chess Club"]
[Date "2007.11.17"]
[Round "5"]
[White "Fysh"]
[Black "cityprosecutor"]
[Result "1/2-1/2"]
[WhiteElo "1850"]
[BlackElo "1736"]
[Opening "Benkö gambit half accepted"]
[ECO "A57"]
[Time "09:37:54"]
[TimeControl "2700+45"]

1. d4 Nf6 2. c4 c5 3. d5 b5 4. cxb5 a6 5. b6 Qxb6 6. Nc3 d6 7. e4 g6 8. Be2 Bg7
9. h3 Nbd7 10. f4 O-O 11. Qc2 Rb8 12. Bf3 a5 13. Nge2 Ba6 14. O-O c4+ 15. Kh1
Nc5 16. Na4 Nxa4 17. Qxa4 Qb4 18. Qc2 Nd7 19. Rb1 Nc5 20. Bd2 Qb6 21. Be3 Rfc8
22. Bxc5 Qxc5 23. Nc3 Rc7 24. Rfe1 Bh6 25. g3 Bg7 26. e5 dxe5 27. fxe5 Bc8 28.
g4 Bb7 29. Rbd1 Rd8 30. Qg2 Rcd7 31. Kh2 e6 32. Ne4 Bxe5+ 33. Kh1 Qf8 34. dxe6
fxe6 35. Rxd7 Rxd7 36. Nf6+ Qxf6 37. Bxb7 Qf4 38. Rf1 Qd2 39. Bc8 Qxg2+ 40. Kxg2
Rd2+ 41. Kf3 Rd3+ 42. Ke4 Bxb2 43. Bxe6+ Kg7 44. g5 Rd4+ 45. Ke3 Rd8 46. Bxc4
Bc3 47. h4 Re8+ 48. Kd3 Bb4 49. Rf7+ Kh8 50. Rf1 Be1 51. Rf4 Bg3 52. Rg4 Bd6 53.
Rd4 Bc5 54. Rf4 Rd8+ 55. Ke2 Rd7 56. Be6 Rb7 57. Kf3 Kg7 58. Rc4 Bb4 59. Rc8 Bf8
60. Ra8 Re7 61. Bb3 Re5 62. Kf4 Rf5+ 63. Ke4 h6 64. Ra7+ Kh8 65. gxh6 Bxh6 66.
Ra8+ Bf8 67. Bd5 Rf6 68. Rxa5 Kg7 69. Ra7+ Kh6 70. Rf7 Rxf7 71. Bxf7 Kh5 {Game
drawn by mutual agreement} 1/2-1/2

[Event "Team 45 45 League T35"]
[Site "Internet Chess Club"]
[Date "2007.11.22"]
[Round "5"]
[White "mickeys"]
[Black "sean98"]
[Result "1-0"]
[WhiteElo "1662"]
[BlackElo "1578"]
[Opening "Neo-Grünfeld defense"]
[ECO "D70"]
[Time "15:02:04"]
[TimeControl "2700+45"]

1. d4 Nf6 2. Nf3 d5 3. c4 g6 4. cxd5 Nxd5 5. e4 Nf6 6. Nc3 e6 7. Bg5 Be7 8. Qd2
O-O 9. Bc4 c6 10. O-O Nh5 11. Bxe7 Qxe7 12. a4 Na6 13. Rac1 Nc7 14. e5 Kg7 15.
Ne4 f5 16. Nd6 Kh8 17. Be2 Ne8 18. Nc4 Nc7 19. Ne1 Qh4 20. Qh6 Bd7 21. Bxh5 Qxh5
22. Qxh5 gxh5 23. Nd3 Nd5 24. Nc5 Nf4 25. Rc2 Bc8 26. g3 Rg8 27. Nd6 Nh3+ 28.
Kg2 Ng5 29. f4 b6 30. fxg5 bxc5 31. Rxc5 Bd7 32. h4 Rab8 33. Rf2 Kg7 34. Ra5 Ra8
35. Nb7 Kf7 36. Nc5 Ke7 37. Nd3 h6 38. gxh6 Rh8 39. Nf4 Rxh6 40. Rc2 Kf7 41. Ra6
Rhh8 42. Kf2 Rh7 43. Rc5 Rb8 44. Rxa7 Rxb2+ 45. Ne2 Kg6 46. Kf3 Rb1 47. a5 Rb5
48. a6 Rb3+ 49. Nc3 Ra3 50. Ra8 Rg7 51. Kg2 Kf7 52. Ra7 Kg6 53. Ne2 Ra2 54. Kf3
Ra3+ 55. Rc3 Rxc3+ 56. Nxc3 c5 57. Ke3 cxd4+ 58. Kxd4 Bc8 59. Rxg7+ Kxg7 60. a7
Bb7 61. Nb5 Kf8 62. Nc7 Ke7 63. a8=Q Bxa8 64. Nxa8 Kd7 65. Ke3 Kc6 66. Kf4 Kb7
67. Kg5 Kc6 68. Kf6 Kd5 69. Nc7+ Ke4 70. Nxe6 {Black resigns} 1-0

[Event "Team 45 45 League T35"]
[Site "Internet Chess Club"]
[Date "2007.11.19"]
[Round "5"]
[White "Russ"]
[Black "Klondike"]
[Result "1/2-1/2"]
[WhiteElo "1240"]
[BlackElo "1474"]
[Opening "King's Indian: Petrosian system"]
[ECO "E92"]
[Time "10:09:23"]
[TimeControl "2700+45"]

1. d4 Nf6 2. c4 g6 3. Nc3 Bg7 4. e4 d6 5. Be2 O-O 6. Nf3 e5 7. d5 c6 8. O-O a5
9. Ne1 Na6 10. Nd3 Ne8 11. Be3 f5 12. f3 f4 13. Bf2 Nf6 14. Kh1 g5 15. Rg1 Kf7
16. Qa4 Bd7 17. b4 c5 18. b5 b6 19. a3 Nc7 20. Qd1 Qc8 21. g3 h6 22. g4 Rh8 23.
Rg2 Qb7 24. Qg1 Nfe8 25. h4 Bf6 26. h5 Ng7 27. Rh2 Ke7 28. a4 {Game drawn by
mutual agreement} 1/2-1/2

[Event "Team 45 45 League T35"]
[Site "Internet Chess Club"]
[Date "2007.11.17"]
[Round "5"]
[White "Qualm"]
[Black "fileman"]
[Result "1/2-1/2"]
[WhiteElo "1629"]
[BlackElo "1904"]
[Opening "Scotch gambit"]
[ECO "C44"]
[Time "17:07:21"]
[TimeControl "2700+45"]

1. e4 Nc6 2. d4 e5 3. Nf3 exd4 4. Bc4 Bc5 5. c3 d3 6. Qxd3 d6 7. O-O Nge7 8. a4
a5 9. Be3 b6 10. Na3 O-O 11. Nc2 Be6 12. Ncd4 Bxc4 13. Qxc4 Qd7 14. Nxc6 Nxc6
15. Nd4 Ne5 16. Qe2 Rae8 17. Nf5 Ng6 18. Qd3 Qe6 19. f3 Nf4 20. Qd2 Ng6 21. b4
axb4 22. cxb4 Bxe3+ 23. Nxe3 Ne7 24. Rfc1 c5 25. Nc4 d5 26. exd5 Nxd5 27. bxc5
bxc5 28. Re1 Qc6 29. Red1 Rd8 30. Ne3 Nf6 31. Qc2 Rxd1+ 32. Rxd1 Re8 33. Nc4 h6
34. a5 Nd5 35. Ra1 Nb4 36. Qd2 Qe6 37. Nb6 Qf6 38. Rc1 Rd8 39. Qe3 Nd3 40. Rb1
Qc3 41. a6 Qc2 42. Rf1 Qb2 43. Nd7 Qb5 44. Ne5 Qxa6 45. Nxd3 Qxd3 46. Qxc5 Qd4+
47. Qxd4 Rxd4 48. g3 Rd2 49. Rf2 Rd3 50. f4 g6 51. Kg2 Kg7 52. Re2 Kf6 53. h3 g5
54. Rf2 Kg6 55. g4 f5 56. gxf5+ Kxf5 57. fxg5+ Kxg5 58. Kh2 Kh4 59. Rf4+ Kg5 60.
Rf2 h5 61. Rg2+ Kh4 62. Kh1 Kxh3 63. Rg1 h4 64. Rb1 Kg3 65. Rc1 Rf3 66. Rb1 Kf2
67. Rb2+ Kg3 68. Rb1 Rf2 69. Rb3+ Kg4 70. Ra3 Rb2 71. Rc3 Kf4 72. Rc4+ Kf3 73.
Rc3+ Ke4 74. Ra3 Kf4 75. Rc3 Ke4 76. Ra3 Rd2 77. Rb3 Rd3 78. Rxd3 Kxd3 79. Kh2
Kc4 80. Kh3 Kd5 81. Kg4 Ke6 82. Kxh4 {Game drawn because neither player has
mating material} 1/2-1/2

[Event "Team 45 45 League T35"]
[Site "Internet Chess Club"]
[Date "2007.11.17"]
[Round "5"]
[White "LoseOften"]
[Black "Kittle"]
[Result "1-0"]
[WhiteElo "1866"]
[BlackElo "1691"]
[Opening "French: Winawer, Alekhine (Maróczy) gambit"]
[ECO "C15"]
[Time "06:03:28"]
[TimeControl "2700+45"]

1. e4 e6 2. d4 d5 3. Nc3 Bb4 4. Ne2 dxe4 5. a3 Be7 6. Nxe4 Nf6 7. Qd3 Nxe4 8.
Qxe4 Qd5 9. Qg4 O-O 10. Be3 Nd7 11. Nf4 Qg5 12. Qxg5 Bxg5 13. Nxe6 Bxe3 14. Nxf8
Bxf2+ 15. Kxf2 Nxf8 16. Bc4 Bf5 17. c3 Ng6 18. Rae1 a6 19. Rhf1 Rf8 20. Kg3 Bd7
21. h4 h5 22. Be2 Ne7 23. Bxh5 Nf5+ 24. Rxf5 Bxf5 25. Re7 g6 26. Bf3 Rb8 27.
Rxc7 b5 28. Bd5 Rf8 29. Ra7 Bc8 30. Kf4 Kg7 31. Kg5 Bf5 32. h5 Kg8 33. Rxf7 Rxf7
34. hxg6 Kg7 35. gxf7 Bd3 36. Kf4 Kf8 37. Ke5 Ke7 38. g4 Bg6 39. g5 a5 40. Be6
Bh5 41. Kf5 Be2 42. g6 Bd3+ 43. Kg5 {Black resigns} 1-0

[Event "Team 45 45 League T35"]
[Site "Internet Chess Club"]
[Date "2007.11.16"]
[Round "5"]
[White "latayvia"]
[Black "hansolo1000"]
[Result "0-1"]
[WhiteElo "1808"]
[BlackElo "1806"]
[Opening "Sicilian"]
[ECO "B50"]
[Time "20:41:10"]
[TimeControl "2700+45"]

1. e4 c5 2. Nf3 d6 3. c3 Bg4 4. Bc4 e6 5. h3 Bh5 6. d4 cxd4 7. cxd4 Nf6 8. Nc3
Nbd7 9. g4 Bg6 10. e5 dxe5 11. dxe5 Ne4 12. Nxe4 Bxe4 13. Bd2 Bc5 14. Bc3 O-O
15. Qe2 Bc6 16. Rd1 Qc7 17. O-O Rad8 18. Rfe1 Nb6 19. Bb3 Nd5 20. Bd2 Rd7 21.
Bc2 Rfd8 22. Ng5 h6 23. Ne4 Be7 24. g5 Qxe5 25. gxh6 g6 26. h7+ Kh8 27. Bb3 Qf5
28. Bxd5 Rxd5 29. Bc3+ Kxh7 30. Rxd5 Rxd5 31. Qe3 Rd8 32. Be5 Qxe5 33. f3 Bxe4
34. fxe4 Bc5 35. Kf2 Bxe3+ 36. Rxe3 Qxb2+ 37. Kf3 {White resigns} 0-1

[Event "Team 45 45 League T35"]
[Site "Internet Chess Club"]
[Date "2007.11.17"]
[Round "5"]
[White "Beancounter"]
[Black "HKNIGHT"]
[Result "1/2-1/2"]
[WhiteElo "1803"]
[BlackElo "1749"]
[Opening "English: symmetrical, four knights system"]
[ECO "A30"]
[Time "10:53:57"]
[TimeControl "2700+45"]

1. Nf3 c5 2. c4 Nc6 3. Nc3 Nf6 4. g3 e6 5. Bg2 Be7 6. O-O a6 7. d4 cxd4 8. Nxd4
O-O 9. e4 e5 10. Nf5 Bc5 11. Be3 d6 12. Bxc5 dxc5 13. Ne3 Qxd1 14. Rfxd1 {Game
drawn by mutual agreement} 1/2-1/2

[Event "Team 45 45 League T35"]
[Site "Internet Chess Club"]
[Date "2007.11.15"]
[Round "5"]
[White "morgado"]
[Black "Nosferatu1"]
[Result "1-0"]
[WhiteElo "2055"]
[BlackElo "1800"]
[Opening "Queen's pawn game"]
[ECO "A45"]
[Time "18:55:43"]
[TimeControl "2700+45"]

1. d4 Nf6 2. e3 c5 3. Nf3 cxd4 4. exd4 d5 5. Bd3 Nc6 6. c3 Bg4 7. O-O e6 8. Nbd2
Bd6 9. Re1 O-O 10. Nf1 Re8 11. Bg5 h6 12. Bh4 e5 13. Be2 exd4 14. Nxd4 Bxe2 15.
Rxe2 Rxe2 16. Nxe2 g5 17. Bg3 Qe7 18. Ne3 Bxg3 19. Nxg3 Qe5 20. Qd3 Ne7 21. Re1
Ne4 22. Ng4 Qe6 23. Nxe4 dxe4 24. Rxe4 Qg6 25. Nxh6+ Kh7 26. Nxf7 Nc6 27. Nxg5+
Kh6 28. Re6 {Black resigns} 1-0

[Event "Team 45 45 League T35"]
[Site "Internet Chess Club"]
[Date "2007.11.18"]
[Round "5"]
[White "AVEMARIA"]
[Black "tourettes"]
[Result "1/2-1/2"]
[WhiteElo "1796"]
[BlackElo "1697"]
[Opening "French: Tarrasch, closed variation, main line"]
[ECO "C05"]
[Time "10:18:51"]
[TimeControl "2700+45"]

1. e4 e6 2. d4 d5 3. Nd2 Nf6 4. e5 Nfd7 5. Bd3 c5 6. c3 cxd4 7. cxd4 Nc6 8. Ne2
Qb6 9. Nf3 Nb4 10. Bb1 Be7 11. O-O Nf8 12. a3 Nc6 13. Bc2 Ng6 14. Rb1 O-O 15.
Qd3 Bd7 16. b4 a6 17. Bd2 Na7 18. a4 Qd8 19. Rfc1 b5 20. a5 Nc6 21. Rd1 Rc8 22.
Nc1 Qc7 23. Qe2 Na7 24. Bxg6 hxg6 25. Nb3 Qc2 26. Rdc1 Qa2 27. Nc5 Bxc5 28. dxc5
Nc6 29. Qd3 Rfd8 30. Ra1 Qb2 31. Rcb1 Nxe5 32. Rxb2 Nxd3 33. Rb3 Nxc5 34. bxc5
Rxc5 {Game drawn by mutual agreement} 1/2-1/2